 Dungeon Crawl Stone Soup version 0.18.1-8-gdd0e5ea (webtiles) character file.

11568 nikopol the Spear-Bearer (level 11, -5/151 HPs)
             Began as a Minotaur Berserker on June 5, 2016.
             Was the Champion of Trog.
             Slain by a guardian serpent (6 damage)
             ... on level 2 of the Abyss.
             The game lasted 00:37:07 (10335 turns).

nikopol the Spear-Bearer (Minotaur Berserker)      Turns: 10335, Time: 00:37:08

Health: -5/151     AC: 18    Str: 28    XL:     11   Next: 51%
Magic:  0/10       EV: 16    Int:  4    God:    Trog [******]
Gold:   613        SH:  0    Dex: 12    Spells: 0 memorised, 10 levels left

rFire  . . .     SeeInvis +     x - +1 halberd
rCold  . . .     Gourm    .     D - +4 ring mail
rNeg   . . .     Faith    .     (shield currently unavailable)
rPois  .         Spirit   +     j - +0 hat {Spirit}
rElec  .         Dismiss  .     r - +1 cloak
rCorr  .         Reflect  .     B - +2 pair of gloves {archery}
SustAt .         Harm     .     y - +0 pair of boots
MR     .....                    (no amulet)
Stlth  ..........               E - ring of see invisible
                                (no ring)

@: berserking (expiring), non-regenerating, mildly diseased, very quick, not
resistant to hostile enchantments, extremely unstealthy
A: retaliatory headbutt, horns 2
a: Berserk, Trog's Hand, Brothers in Arms, Burn Spellbooks, Renounce Religion


You were on level 2 of the Abyss.
You worshipped Trog.
Trog was exalted by your worship.
You were hungry.

You visited 2 branches of the dungeon, and saw 11 of its levels.
You visited the Abyss 1 time.
You also visited: Ossuary.

You collected 613 gold pieces.

Inventory:

Hand Weapons
 c - a +0 shortbow
 x - a +1 halberd (weapon)
Missiles
 g - 143 arrows (quivered)
Armour
 b - a +0 chain mail of fire resistance
 j - a +0 hat of spirit shield (worn)
 r - a +1 cloak (worn)
 y - a +0 pair of boots (worn)
 B - a +2 pair of gloves of archery (worn)
 D - a +4 ring mail (worn)
 T - a +2 ring mail of positive energy
Jewellery
 E - a ring of see invisible (right hand)
Wands
 u - a wand of acid (6/15)
 C - a wand of iceblast (15/15)
 N - a wand of slowing (36/48)
Scrolls
 a - a scroll of enchant armour
 d - a scroll of recharging
 e - 7 scrolls of teleportation
 m - a scroll of fear
 w - a scroll of remove curse
 I - a scroll of blinking
 O - a scroll of silence
Potions
 h - 7 potions of brilliance
 i - 5 potions of heal wounds
 k - 2 potions of cancellation
 l - a potion of ambrosia {unknown}
 n - a potion of resistance {unknown}
 p - 3 potions of berserk rage
 s - 3 potions of curing
 t - a potion of lignification {unknown}
 A - a potion of agility {unknown}
 M - 2 potions of might
 R - a potion of flight {unknown}
 S - a potion of invisibility {unknown}
Comestibles
 f - 2 meat rations
 q - 2 beef jerkies
 F - 2 royal jellies
 H - 4 fruits
 K - 11 bread rations


   Skills:
 + Level 10.8 Fighting
 + Level 11.2 Polearms
 + Level 7.0 Bows
 + Level 10.2 Armour
 + Level 9.7 Dodging


You had 10 spell levels left.
You didn't know any spells.

Dungeon Overview and Level Annotations

Branches:
Dungeon (9/15)             Temple (0/1) D:7            Lair (2/8) D:9
    Orc (0/2) D:9

Altars:
Cheibriados
Dithmenos
Elyvilon
Kikubaaqudgha
Nemelex Xobeh
Okawaru
Qazlal
Ru
Sif Muna
Trog
Vehumet
Xom
The Shining One

Shops:
D:7 (

Annotations:
Lair:2 Sonja


Innate Abilities, Weirdness & Mutations

You reflexively headbutt those who attack you in melee.
You have a pair of horns on your head.


Message History

* * * LOW HITPOINT WARNING * * *
Attack whom?
Press: ? - help, Dir - move target cursor, f/p - starcursed mass
Aim: a starcursed mass (heavily damaged)
You reach to attack!
You hit the starcursed mass but do no damage.
The starcursed mass is heavily damaged.
Attack whom?
Press: ? - help, Dir - move target cursor, f/p - starcursed mass
Aim: a starcursed mass (heavily damaged)
You reach to attack!
You puncture the starcursed mass!
The starcursed mass is severely damaged.
You impale the starcursed mass!!
You destroy the starcursed mass!
The guardian serpent closely misses you.
You impale the guardian serpent!!
The guardian serpent is heavily wounded.
Tentacles burst from the starspawn's body!
The guardian serpent hits you.
You die...

. #.## ### .
### . # # .##
#.. .# .#.#. #
. # ..w.##
...#. . #..
.##X.#.....##.
.# .#w..#
#.#(.# # .#. .
.. #...#..# .
. #.
#....#...#
..#. ..
.#.#)###
.#..#. ##.
#.@S..# ..#.
.#..#..#.#..#
# #. # .
.#...#...... #
# .## .....
...... # . ..
.##.## .#.....
# .#.# (.
#.##### .# .#.
. ..#.. . .


You could see a tentacled starspawn, a guardian serpent and 2 starspawn
tentacles.

Vanquished Creatures
  Erolcha (D:8)
  The ghost of georgeearnest the Grappler, a novice TrMo of Makhleb (D:9)
  A shadow wraith (Abyss:2)
  2 black mambas
  A smoke demon (Abyss:2)
  An orange demon (Abyss:2)
  2 komodo dragons
  A hellwing (Abyss:2)
  A red devil (Abyss:2)
  An ancient zyme (Abyss:2)
  2 starcursed masses (Abyss:2)
  Prince Ribbit (D:8)
  Sigmund (D:2)
  A spriggan (D:7)
  A wyvern (D:9)
  A small abomination (Abyss:2)
  A hog (shapeshifter) (Abyss:2)
  3 hippogriffs
  A water moccasin (Lair:1)
  A porcupine (Lair:1)
  A swamp drake (D:9)
  An orc warrior (D:9)
  An ice beast (D:7)
  A large abomination (Abyss:2)
  3 phantoms
  A sky beast (D:9)
  4 black bears
  2 necrophages
  2 centaurs
  4 crocodiles
  A big kobold (D:9)
  6 giant frogs
  6 jellies
  3 scorpions
  5 killer bees (D:9)
  2 howler monkeys (D:7)
  2 crimson imps
  3 centaur zombies (Ossuary)
  A giant frog zombie (D:8)
  A quasit (D:9)
  3 hounds
  11 orc priests
  13 orc wizards
  A centaur skeleton (D:8)
  3 giant frog skeletons
  12 iguanas
  6 worker ants
  A killer bee zombie (D:9)
  3 big kobold zombies (Ossuary)
  A hound zombie (D:9)
  2 hound skeletons
  4 mummies (Ossuary)
  Robin (D:4)
  7 gnolls
  8 adders
  16 river rats (Lair:2)
  A shadow imp (D:7)
  2 white imps (Abyss:2)
  An ooze (D:2)
  An adder zombie (D:9)
  An adder skeleton (D:7)
  A worm (D:3)
  4 dart slugs
  6 giant geckos
  51 orcs
  3 bats
  3 giant cockroaches
  12 goblins
  8 hobgoblins
  20 jackals
  14 kobolds
  7 quokkas
  3 ball pythons
  A giant gecko skeleton (D:7)
  7 giant newts
  4 hobgoblin zombies (Ossuary)
  A jackal zombie (D:4)
  A quokka skeleton (D:4)
  14 rats
333 creatures vanquished.

Vanquished Creatures (others)
  An adder skeleton (D:6)
  A quokka (D:2)
2 creatures vanquished.

Grand Total: 335 creatures vanquished

Notes
Turn   | Place    | Note
--------------------------------------------------------------
     0 | D:1      | nikopol the Minotaur Berserker began the quest for the Orb.
     0 | D:1      | Reached XP level 1. HP: 19/19 MP: 0/0
   170 | D:1      | Reached XP level 2. HP: 23/27 MP: 1/1
   265 | D:1      | Reached skill level 4 in Polearms
   286 | D:1      | Reached ** piety under Trog
   383 | D:1      | Reached XP level 3. HP: 32/33 MP: 2/2
   777 | D:2      | Noticed Sigmund
   780 | D:2      | Killed Sigmund
   780 | D:2      | Reached skill level 5 in Polearms
   780 | D:2      | Reached XP level 4. HP: 41/41 MP: 3/3
   780 | D:2      | Reached XP level 5. HP: 47/47 MP: 4/4
   836 | D:2      | Reached skill level 5 in Fighting
   861 | D:2      | Found an iron altar of Okawaru.
   877 | D:2      | Found a white marble altar of Elyvilon.
  1523 | D:3      | Reached *** piety under Trog
  1640 | D:3      | Noticed a moth of wrath
  1643 | D:3      | Found a bloodstained altar of Trog.
  1996 | D:3      | Reached XP level 6. HP: 56/56 MP: 5/5
  2499 | D:4      | Noticed Robin
  2507 | D:4      | Reached **** piety under Trog
  2516 | D:4      | Killed Robin
  2831 | D:4      | Found a glowing golden altar of the Shining One.
  2899 | D:4      | Found a sparkling altar of Nemelex Xobeh.
  3063 | D:5      | Entered Level 5 of the Dungeon
  3131 | D:5      | Reached XP level 7. HP: 40/61 MP: 6/6
  3132 | D:5      | Reached skill level 6 in Polearms
  3218 | D:5      | Found a sacrificial altar of Ru.
  3225 | D:5      | Reached skill level 5 in Armour
  3254 | D:5      | Found a sand-covered staircase.
  3263 | Ossuary  | Entered an ossuary
  3357 | Ossuary  | Reached skill level 5 in Dodging
  3575 | D:5      | You fall through a shaft for 2 floors!
  3922 | D:5      | Reached XP level 8. HP: 71/71 MP: 7/7
  3961 | D:5      | Reached skill level 7 in Polearms
  4079 | D:5      | Reached ***** piety under Trog
  4716 | D:6      | Found a stormy altar of Qazlal.
  5395 | D:7      | Reached skill level 8 in Polearms
  5534 | D:7      | Reached skill level 1 in Bows
  5534 | D:7      | Reached XP level 9. HP: 79/79 MP: 8/8
  5577 | D:7      | Found a staircase to the Ecumenical Temple.
  5972 | D:7      | Found a radiant altar of Vehumet.
  6009 | D:7      | Identified Vehumet's Volume of Attacks
  6011 | D:7      | Found an ancient bone altar of Kikubaaqudgha.
  6012 | D:7      | Found a deep blue altar of Sif Muna.
  6109 | D:7      | Found Ickigi's Weapon Shop.
  6429 | D:8      | Noticed Prince Ribbit
  6448 | D:8      | Killed Prince Ribbit
  6557 | D:8      | Reached skill level 9 in Polearms
  6634 | D:8      | Found a shimmering altar of Xom.
  6793 | D:8      | Found a snail-covered altar of Cheibriados.
  6794 | D:8      | Noticed Erolcha
  6810 | D:8      | Killed Erolcha
  6810 | D:8      | Reached XP level 10. HP: 87/89 MP: 9/9
  6828 | D:8      | Got a faintly glowing leather armour
  6842 | D:8      | Identified the +1 leather armour of the Worm {rC++ rN+} (You found it on level 8 of the Dungeon)
  6928 | D:8      | Found a shadowy altar of Dithmenos.
  7392 | D:9      | Noticed georgeearnest's ghost (novice TrMo)
  7405 | D:9      | Killed georgeearnest's ghost
  7565 | D:9      | Received a gift from Trog
  7736 | D:9      | Reached skill level 5 in Bows
  7876 | D:9      | Reached skill level 10 in Polearms
  8179 | D:9      | Found a staircase to the Lair.
  8297 | D:9      | Reached skill level 10 in Fighting
  8371 | D:9      | Found a staircase to the Orcish Mines.
  8566 | D:9      | Identified 2 scrolls of acquirement
  8886 | D:9      | Noticed a black mamba
  8893 | D:9      | Killed a black mamba
  8913 | Lair:1   | Entered Level 1 of the Lair of Beasts
  8913 | Lair:1   | Noticed Sonja
  9417 | Lair:1   | Received a gift from Trog
  9639 | Lair:1   | Reached XP level 11. HP: 100/100 MP: 10/10
  9953 | Lair:2   | Reached ****** piety under Trog
 10067 | Lair:2   | Cast into level 2 of the Abyss (Sonja)
 10126 | Abyss:2  | Noticed a shadow wraith
 10137 | Abyss:2  | Killed a shadow wraith
 10151 | Abyss:2  | Reached skill level 11 in Polearms
 10223 | Abyss:2  | Reached skill level 10 in Armour
 10312 | Abyss:2  | Noticed a starcursed mass
 10325 | Abyss:2  | Received a gift from Trog
 10328 | Abyss:2  | Killed a starcursed mass
 10329 | Abyss:2  | HP: 5/151 [starcursed mass/accursed screaming (6)]
 10331 | Abyss:2  | Noticed a tentacled starspawn
 10331 | Abyss:2  | HP: 1/151 [starcursed mass/accursed screaming (4)]
 10334 | Abyss:2  | Killed a starcursed mass
 10335 | Abyss:2  | Slain by a guardian serpent

Skill      XL: |  1  2  3  4  5  6  7  8  9 10 11 |
---------------+----------------------------------+-----
Polearms       | 4 5 6 8 9 10 11 | 11.2
Fighting       | 4 5 6 7 9 10 | 10.8
Armour         | 3 4 5 7 8 9 10 | 10.2
Dodging        | 3 4 5 6 7 9 |  9.7
Bows           | 1 4 6 7 |  7.0

Action                   |  1- 3 |  4- 6 |  7- 9 | 10-12 || total
-------------------------+-------+-------+-------+-------++-------
Melee: Spear             |    87 |   204 |       |       ||   291
       Headbutt          |     9 |    21 |    44 |    45 ||   119
       Halberd           |       |     7 |   281 |   275 ||   563
 Fire: Shortbow          |       |       |    51 |   175 ||   226
Invok: Berserk           |     1 |     1 |     3 |     6 ||    11
       Burn Spellbooks   |       |       |     2 |     1 ||     3
  Use: Scroll            |       |    11 |       |    12 ||    23
       Potion            |       |       |       |     2 ||     2
  Eat: Chunk             |       |     9 |    15 |    15 ||    39
       Pizza             |       |       |       |     1 ||     1
Armor: Leather armour    |     9 |    26 |    24 |       ||    59
       Ring mail         |       |       |    68 |    81 ||   149
Dodge: Dodged            |    38 |    70 |   195 |   180 ||   483
